 Dungeon Crawl Stone Soup version 0.29.0-5-ge4962eb29e (webtiles) character file.

Game seed: 4107493377820118399

6473 LynnLen the Covert (level 10, -1/51 HPs)
             Began as a Spriggan Enchanter on Aug 29, 2022.
             Was a Priest of Nemelex Xobeh.
             Slain by a komodo dragon (6 damage)
             ... on level 10 of the Dungeon.
             The game lasted 00:34:42 (12230 turns).

LynnLen the Covert (Spriggan Enchanter)            Turns: 12230, Time: 00:34:43

Health: -1/51      AC:  6    Str:  4    XL:     10   Next: 68%
Magic:  19/23      EV: 17    Int: 34    God:    Nemelex Xobeh [***...]
Gold:   128        SH:  5    Dex: 16    Spells: 15/26 levels left

rFire   . . .      SeeInvis +   u - +7 rapier "Newtbane" {elec, rElec Int+7}
rCold   . . .      Faith    .   (no shield)
rNeg    . . .      Spirit   .   H - +0 steam dragon scales
rPois   .          Reflect  +   (helmet restricted)
rElec   +          Harm     .   n - +0 cloak
rCorr   .          Rampage  .   (gloves unavailable)
Will    +....                   (boots unavailable)
Stlth   +++++.....              F - amulet of reflection
HPRegen 0.17/turn               e - ring of wizardry
MPRegen 0.18/turn               q - +6 ring of intelligence

@: very quick
A: very small, no large weapons, unfitting armour, see invisible, speed 3
a: Renounce Religion, Draw Escape, Draw Destruction, Draw Summoning, Triple Draw


You were on level 10 of the Dungeon.
You worshipped Nemelex Xobeh.
Nemelex Xobeh was most pleased with you.
You visited 1 branch of the dungeon, and saw 10 of its levels.

You collected 541 gold pieces.
You spent 413 gold pieces at shops.

Inventory:

Hand Weapons
 u - the +7 rapier "Newtbane" (weapon) {elec, rElec Int+7}
   (You found it on level 6 of the Dungeon)

   It occasionally discharges a powerful burst of electricity upon striking a
   foe.
   Int:       It affects your intelligence (+7).
   rElec:     It insulates you from electricity.
 y - a +2 antimagic whip
Armour
 n - a +0 cloak (worn)
 H - +0 steam dragon scales (worn)
Jewellery
 e - a ring of wizardry (left hand)
 q - a +6 ring of intelligence (right hand)
 r - a +6 ring of dexterity
 z - a +4 ring of evasion
 A - a ring of willpower
 F - an amulet of reflection (around neck)
Wands
 x - a wand of light (17)
 D - a wand of flame (17)
 E - a wand of polymorph (5)
Scrolls
 a - a scroll of blinking
 d - 2 scrolls of enchant armour {unknown}
 h - a scroll of poison
 j - 2 scrolls of amnesia {unknown}
 p - a scroll of vulnerability
 s - 4 scrolls of teleportation
 B - 2 scrolls of fear {unknown}
 G - a scroll of fog
Potions
 c - 3 potions of invisibility
 f - 2 potions of flight
 g - a potion of mutation
 i - 2 potions of attraction
 k - a potion of heal wounds
 l - 4 potions of curing
 m - a potion of ambrosia
 o - a potion of lignification {unknown}
 t - 2 potions of might {unknown}
 w - a potion of magic {unknown}


   Skills:
 + Level 5.5 Fighting
 - Level 1.1 Short Blades
 - Level 2.6 Dodging
 + Level 11.5 Stealth
 + Level 8.6 Spellcasting
 + Level 1.2 Conjurations
 + Level 8.9 Hexes
 - Level 5.0 Ice Magic
 + Level 6.2 Invocations


You had 15 spell levels left.
You knew the following spells:

 Your Spells              Type           Power      Damage    Failure   Level
a - Ensorcelled Hibernat  Hex/Ice        100%       N/A       1%          2
b - Confusing Touch       Hex            66%        N/A       1%          3
c - Tukima's Dance        Hex            66%        N/A       1%          3
d - Dazzling Flash        Conj/Hex       98%        N/A       1%          3

Your spell library contained the following spells:

 Spells                   Type           Power      Damage    Failure   Level
 Magic Dart               Conj           92%        1d7       1%          1
 Sting                    Tmut/Pois      56%        1d5       1%          1
 Poisonous Vapours        Pois/Air       28%        N/A       1%          2
 Searing Ray              Conj           46%        2d6       1%          2
 Fulminant Prism          Conj/Hex       24%        3d13      1%          4
 Olgreb's Toxic Radiance  Pois           14%        N/A       12%         4


Dungeon Overview and Level Annotations

Branches:
Dungeon (10/15)            Temple (0/1) D:6            Lair (0/5) D:10
    Orc (0/2) D:10

Altars:
Ashenzari
Cheibriados
Dithmenos
Elyvilon
Makhleb
Nemelex Xobeh
Okawaru
Qazlal
Ru
Sif Muna
Vehumet
Wu Jian
Xom
Yredelemnul
Zin

Shops:
D:2 (*[   D:4 [   D:10 !

Annotations:
D:2 1 runed translucent door, Crazy Yiuf
D:4 2 transporters, SnakkuSnakku7's ghost, novice BaTm


Innate Abilities, Weirdness & Mutations

You are very small and have problems with some larger weapons.
You are too small for most types of armour.
You have supernaturally acute eyesight. (SInv)
You cover ground extremely quickly. (Speed+++)


Message History

There is an open door here.
You open the door.
There is an open door here.
You open the door.
There is an open door here.
You see here 4 poisoned darts.
You hit the plant.
The plant begins to die.
The plant is lightly damaged.
The komodo dragon hisses angrily.
You puncture the plant!
The plant is lightly damaged.
The komodo dragon bites the plant!!
You hit the plant.
The plant is moderately damaged.
The komodo dragon bites the plant!
You puncture the plant!
The plant is heavily damaged.
The komodo dragon bites the plant!!
You puncture the plant!
The plant is heavily damaged.
A nearby plant withers and dies.
Aiming: Ensorcelled Hibernation (safe; 1% risk of failure)
Press: ? - help, Q - select action, (/) - cycle Shift-Dir - straight line, f - komodo dragon
Aim: a komodo dragon (chance to affect: 54%)
The komodo dragon resists with some effort.
Aiming: Ensorcelled Hibernation (safe; 1% risk of failure)
Press: ? - help, Q - select action, (/) - cycle Shift-Dir - straight line, f/p - komodo dragon
Aim: a komodo dragon (chance to affect: 54%)
The komodo dragon looks drowsy...
The helpless komodo dragon fails to defend itself.
You impale the komodo dragon!!
The komodo dragon is severely wounded.
The komodo dragon bites you!! x2
Ouch! That really hurt!
* * * LOW HITPOINT WARNING * * *
You hit the komodo dragon.
The komodo dragon is severely wounded.
The komodo dragon bites you.
You die...
Your body disappears without a glow.

#....#...#..#.......'.......
#...(....#..#.......###.....
####...###..#.........#.....
##PP...##..#'##+######.....
#PPP....#..................
#PPPP...#..................
#PPPPP.....[...............
#PPPPP.P...................
#PP.PP...l@...#####........
#P.)..P.......# #........
#P.>.PP.......# #........
#P...P.P#.....# #........
#PPPPPP.#.....# #........
##PPPPP##.....# #.....###
##########...# #.....# #####
#######


You could see a komodo dragon.

Vanquished Creatures
  A centaur warrior (D:10)
  Pikel (D:6)
  A hornet (D:9)
  Grinder (D:6)
  A wraith (D:9)
  5 yaks (D:9)
  Eustachio (D:6)
  3 water moccasins
  A sky beast (D:6)
  An orc warrior (D:7)
  A black bear (D:7)
  2 ogres (D:5)
  5 centaurs
  2 phantoms
  A kobold brigand (D:6)
  3 bullfrogs
  3 necrophages
  3 scorpions
  5 wights (D:7)
  10 killer bees (D:9)
  A howler monkey (D:3)
  4 jellies
  2 gnoll boudas
  3 hounds
  6 orc priests
  9 iguanas
  4 orc wizards
  7 gnolls
  6 adders
  A shadow imp (D:8)
  A white imp (D:6)
  2 ufetubi
  2 worms
  4 dart slugs
  25 orcs
  6 endoplasms
  3 giant cockroaches
  9 goblins
  13 hobgoblins
  5 jackals
  2 quokkas
  6 ball pythons
  3 bats (D:1)
  3 frilled lizards
  15 kobolds
  7 rats
200 creatures vanquished.

Vanquished Creatures (collateral kills)
  An orc warrior (D:9)
  A kobold brigand (D:8)
  3 wights (D:7)
  4 orcs
9 creatures vanquished.

Vanquished Creatures (others)
  A dancing weapon (D:5)
  An ice beast (D:8)
  4 gnolls (D:6)
  A plant (D:10)
7 creatures vanquished.

Grand Total: 216 creatures vanquished

Notes
Turn   | Place    | Note
-------+----------+-------------------------------------------
     0 | D:1      | LynnLen the Spriggan Enchanter began the quest for the Orb.
     0 | D:1      | Reached XP level 1. HP: 9/9 MP: 5/5
   182 | D:1      | Reached XP level 2. HP: 14/14 MP: 6/6
   827 | D:1      | Reached skill level 5 in Stealth
   832 | D:1      | Reached XP level 3. HP: 15/17 MP: 8/8
   835 | D:1      | Learned a level 2 spell: Ensorcelled Hibernation
   839 | D:1      | Learned a level 3 spell: Confusing Touch
   843 | D:1      | Learned a level 3 spell: Tukima's Dance
  1022 | D:1      | Reached skill level 1 in Fighting
  1375 | D:2      | Found Tukusm's Armour Shop.
  1383 | D:2      | Found Plog's Assorted Antiques.
  1445 | D:2      | Found Igeirabe's Weapon Boutique.
  1489 | D:2      | Found a runed translucent door.
  1490 | D:2      | Noticed Crazy Yiuf
  1585 | D:2      | Found an ornate altar of the Wu Jian Council.
  1834 | D:2      | Reached XP level 4. HP: 22/22 MP: 1/10
  2481 | D:3      | Found a stormy altar of Qazlal.
  2482 | D:3      | Noticed an earth elemental
  2488 | D:3      | Noticed a water elemental
  2491 | D:3      | Noticed a fire elemental
  2491 | D:3      | Noticed an air elemental
  2509 | D:3      | Found a sparkling altar of Nemelex Xobeh.
  2667 | D:3      | Found a shimmering blue altar of Sif Muna.
  2701 | D:3      | Became a worshipper of Nemelex Xobeh the Trickster
  2988 | D:3      | Reached skill level 1 in Ice Magic
  3161 | D:3      | Reached XP level 5. HP: 25/25 MP: 6/11
  3207 | D:3      | Reached skill level 1 in Invocations
  3508 | D:4      | Reached skill level 6 in Stealth
  3521 | D:4      | Found a snail-covered altar of Cheibriados.
  3530 | D:4      | Reached XP level 6. HP: 27/30 MP: 13/13
  3565 | D:4      | Found Qakhucailo's Antique Weapon Shoppe.
  3777 | D:4      | Reached skill level 5 in Hexes
  3834 | D:4      | Identified the +2 ring mail "Pamuus" {rC- Int+5 Slay+2}
  4128 | D:4      | Found a transporter.
  4145 | D:4      | Found a transporter.
  4148 | D:4      | Noticed SnakkuSnakku7's ghost (novice BaTm)
  4149 | D:4      | Identified the +11 great mace "Noekaav" {venom, rF+ Dex+5}
  4222 | D:4      | Found Li Erlang's Dragon-Slaying Spoils.
  4495 | D:5      | Entered Level 5 of the Dungeon
  4705 | D:5      | Reached XP level 7. HP: 35/35 MP: 9/15
  4918 | D:5      | Reached skill level 7 in Stealth
  5047 | D:5      | Found an iron altar of Okawaru.
  5057 | D:5      | Reached skill level 5 in Spellcasting
  5091 | D:5      | Reached * piety under Nemelex Xobeh
  5287 | D:5      | Reached XP level 8. HP: 40/40 MP: 17/17
  5543 | D:5      | Reached skill level 8 in Stealth
  5868 | D:6      | Noticed Grinder
  5934 | D:6      | Identified the +7 rapier "Newtbane" {elec, rElec Int+7}
  5990 | D:6      | Received a gift from Nemelex Xobeh
  6431 | D:6      | Noticed Eustachio
  6450 | D:6      | Killed Eustachio
  6451 | D:6      | Reached XP level 9. HP: 40/45 MP: 13/19
  6472 | D:6      | Found a staircase to the Ecumenical Temple.
  7427 | D:6      | Noticed Pikel
  7446 | D:6      | Killed Pikel
  7447 | D:6      | Reached skill level 9 in Stealth
  7456 | D:6      | Killed Grinder
  7601 | D:6      | Found a glowing silver altar of Zin.
  8209 | D:7      | Found a white marble altar of Elyvilon.
  8209 | D:7      | Reached ** piety under Nemelex Xobeh
  8211 | D:7      | Found a shimmering altar of Xom.
  8211 | D:7      | Found a burning altar of Makhleb.
  8537 | D:7      | Found an ornate altar of the Wu Jian Council.
  8559 | D:7      | Reached skill level 10 in Stealth
  8677 | D:7      | Reached skill level 5 in Invocations
  8683 | D:7      | Found a shadowy altar of Dithmenos.
  8856 | D:7      | Found a basalt altar of Yredelemnul.
  9228 | D:8      | Found a radiant altar of Vehumet.
  9522 | D:8      | Reached XP level 10. HP: 48/51 MP: 19/22
 10046 | D:4      | Bought +0 steam dragon scales for 400 gold pieces
 10254 | D:9      | Reached skill level 5 in Fighting
 10392 | D:9      | Found a broken altar of Ashenzari.
 10799 | D:9      | Reached skill level 11 in Stealth
 10812 | D:9      | Learned a level 3 spell: Dazzling Flash
 10834 | D:9      | Found a sacrificial altar of Ru.
 11048 | D:9      | Reached skill level 5 in Ice Magic
 11175 | D:9      | Reached *** piety under Nemelex Xobeh
 11307 | D:10     | Entered Level 10 of the Dungeon
 11500 | D:10     | Found Hamof's Distillery.
 11510 | D:10     | Bought a potion of degeneration for 13 gold pieces
 11573 | D:10     | Found a staircase to the Orcish Mines.
 11843 | D:10     | Noticed a centaur warrior
 11858 | D:10     | HP: 1/51 [centaur warrior (7)]
 11866 | D:10     | Killed a centaur warrior
 11867 | D:10     | Reached skill level 1 in Conjurations
 12132 | D:10     | Received a gift from Nemelex Xobeh
 12158 | D:10     | Found a staircase to the Lair.
 12230 | D:10     | Slain by a komodo dragon

Illustrated notes

Levels and vault maps discovered:
D:1:      dpeg_arrival_boxorama, layout_loops_cross
D:2:      layout_basic, serial_shops, nicolae_shop_statue_plus, shop,
          nicolae_shop_bloodbath_and_beyond, basic_altar,
          uniq_crazy_yiuf_cottage
D:3:      layout_basic, lemuel_crystal_altar, nicolae_qazlal_style_of_elements,
          lemuel_blue_sif_altar, grunt_ministairs_5, kennysheep_path_1,
          kennysheep_decorative_pillar
D:4:      minmay_door_path, layout_cave_pools, kennysheep_slug_shrine,
          serial_shops, nicolae_shop_waterfront, gammafunk_ghost_smash,
          nicolae_shop_dragon_depot, minmay_pentangle
D:5:      layout_loops_ring, okawaru_metal_pillars_1_2,
          hellmonk_bongcloud_opening
D:6:      layout_loops_ring, zin_scriptorium, lemuel_temple_firewalk_b,
          uniq_pikel, uniq_grinder, uniq_eustachio
D:7:      layout_basic, mainiacjoe_overflow_brackets,
          pdpol_wu_jian_five_deadly_venoms, grunt_dithmenos_smoke,
          grunt_temple_overflow_open, grunt_decor_cap,
          kennysheep_generic_room_10
D:8:      layout_basic, mainiacjoe_overflow_concentric_impassable
D:9:      layout_loops_cross, evilmike_ruin_ashenzari, lemuel_doored_altar
D:10:     layout_irregular_city, david_lair_shrubbed, orc_0_dummy, serial_shops,
          shop

Skill      XL: |  1  2  3  4  5  6  7  8  9 10 |
---------------+-------------------------------+-----
Spellcasting   | 3 4 5 6 7 8 |  8.6
Hexes          | 4 5 6 8 |  8.9
Stealth        | 5 6 7 8 10 11 | 11.5
Fighting       | 1 2 3 4 5 |  5.5
Ice Magic      | 1 2 3 4 5 |  5.0
Invocations    | 1 2 3 4 5 6 |  6.2
Conjurations   | 1 |  1.2
Short Blades   | |  1.1
Dodging        | |  2.6

Action                   |  1- 3 |  4- 6 |  7- 9 | 10-12 || total
-------------------------+-------+-------+-------+-------++-------
Melee: Dagger            |    96 |    98 |    89 |       ||   283
       Punch             |     1 |     1 |       |     2 ||     4
       Rapier            |       |       |   118 |    88 ||   206
 Cast: Ensorcelled Hiber |     6 |    38 |    49 |    25 ||   118
       Confusing Touch   |       |     4 |    10 |     4 ||    18
       Tukima's Dance    |       |       |    14 |     2 ||    16
  Use: Scroll            |       |    10 |     2 |     1 ||    13
       Potion            |       |     1 |     4 |     3 ||     8
 Stab: Sleeping          |    22 |    33 |    40 |    24 ||   119
       Confused          |       |     2 |     7 |     3 ||    12
       Invisible         |       |       |     2 |       ||     2
Armor: Robe              |     8 |    11 |    37 |       ||    56
       Steam dragon scal |       |       |       |     9 ||     9
Dodge: Dodged            |    51 |    79 |   161 |    46 ||   337
Block: Other             |       |       |    11 |    16 ||    27
       Reflection        |       |       |     1 |       ||     1
